 Dungeon Crawl Stone Soup version 0.22.1-6-g1668fe2c40 (webtiles) character file.

172 Rediskos the Magician (level 5, -1/37 HPs)
             Began as a Gnoll Wizard on Jan 17, 2019.
             Slain by an orc warrior
             ... wielding a +0 battleaxe
              (17 damage)
             ... on level 4 of the Dungeon.
             The game lasted 00:12:11 (3186 turns).

Rediskos the Magician (Gnoll Wizard)                Turns: 3186, Time: 00:12:11

Health: -1/37      AC:  2    Str:  9    XL:     5   Next: 53%
Magic:  0/14       EV: 14    Int: 21    God:
Gold:   143        SH:  0    Dex: 14    Spells: 7/18 levels left

rFire    . . .     SeeInvis .   b - +0 hunting sling
rCold    . . .     Gourm    .   (no shield)
rNeg     . . .     Faith    .   h - +0 robe
rPois    .         Spirit   .   w - +0 hat
rElec    .         Reflect  .   (no cloak)
rCorr    .         Harm     .   (no gloves)
MR       .....                  (no boots)
Stlth    +++.......             (no amulet)
HPRegen  0.12/turn              (no ring)
MPRegen  0.14/turn              (no ring)

@: no status effects
A: distributed training, fangs 1, strong nose
a: no special abilities


You were on level 4 of the Dungeon.
You were not hungry.

You visited 1 branch of the dungeon, and saw 4 of its levels.

You collected 143 gold pieces.

Inventory:

Hand Weapons
 a - a +0 dagger
 b - a +0 hunting sling (weapon)
 e - a +1 vampiric short sword
 q - a +0 blowgun
 t - a +0 dagger
Missiles
 o - 5 curare-tipped needles
 v - 9 sling bullets (quivered)
Armour
 h - a +0 robe (worn)
 s - a +0 buckler
 w - a +0 hat (worn)
Jewellery
 c - an uncursed ring of resist corrosion {unknown}
 j - an uncursed ring of see invisible {unknown}
 x - an uncursed ring of stealth {unknown}
 y - a +2 ring of strength {unknown}
 A - an uncursed ring of fire {unknown}
Scrolls
 l - a scroll of teleportation
 n - a scroll of amnesia
 r - a scroll of enchant weapon
Potions
 f - a potion of might
 g - a potion of mutation
 k - 2 potions of brilliance
 m - a potion of flight {unknown}
 p - 3 potions of haste
 u - 3 potions of curing {unknown}
Comestibles
 d - 10 rations
 i - 5 chunks of flesh


   Skills:
 + Level 1.5 Fighting
 + Level 1.5 Short Blades
 + Level 1.5 Long Blades
 + Level 1.5 Axes
 + Level 1.5 Maces & Flails
 + Level 1.5 Polearms
 + Level 1.5 Staves
 + Level 1.5 Slings
 + Level 1.5 Bows
 + Level 1.5 Crossbows
 + Level 1.5 Throwing
 + Level 1.5 Armour
 + Level 4.8 Dodging
 + Level 4.4 Stealth
 + Level 1.5 Shields
 + Level 1.5 Unarmed Combat
 + Level 7.3 Spellcasting
 + Level 2.4 Conjurations
 + Level 1.2 Hexes
 + Level 1.2 Charms
 + Level 2.4 Summonings
 + Level 1.2 Necromancy
 + Level 2.4 Translocations
 + Level 1.2 Transmutations
 + Level 1.2 Fire Magic
 + Level 1.2 Ice Magic
 + Level 1.2 Air Magic
 + Level 1.2 Earth Magic
 + Level 1.2 Poison Magic
 + Level 1.7 Invocations
 + Level 1.5 Evocations


You had 7 spell levels left.
You knew the following spells:

 Your Spells              Type           Power        Failure   Level  Hunger
a - Magic Dart            Conj           ###.         3%          1    None
b - Blink                 Tloc           N/A          4%          2    None
d - Conjure Flame         Conj/Fire      ###.....     12%         3    None
q - Mephitic Cloud        Conj/Pois/Air  ##......     13%         3    None
s - Call Imp              Summ           ###.....     4%          2    None

Your spell library contained the following spells:

 Spells                   Type           Power        Failure   Level  Hunger
 Slow                     Hex            ##......     8%          2    None


Dungeon Overview and Level Annotations

Branches:
Dungeon (4/15)
 Temple: D:4-7

Altars:
Elyvilon
Okawaru
Trog
Uskayaw
Vehumet
Wu Jian
Yredelemnul
Zin


Innate Abilities, Weirdness & Mutations

Your experience applies equally to all skills.
You have very sharp teeth.
Your uncanny sense of smell can sniff out nearby items.


Message History

Casting: Magic Dart (safe; 3% risk of failure)
Confirm with . or Enter, or press ? or * to list all spells.
Aiming: Magic Dart (safe; 3% risk of failure)
Press: ? - help, Shift-Dir - straight line, f - orc warrior
Aim: an orc warrior, wielding a battleaxe and wearing a chain mail (moderately The magic dart hits the orc warrior.
The orc warrior is moderately wounded.
The orc warrior hits you with a battleaxe.
The orc warrior barely misses your white imp.
The orc warrior barely misses your crimson imp.
Your white imp gestures at the orc warrior.
The puff of frost misses the orc warrior.
Your crimson imp hits the orc warrior.
The orc warrior hits you with a battleaxe!
The orc warrior hits your white imp with a battleaxe!
The orc warrior barely misses your crimson imp.
Your white imp misses the orc warrior.
Something hits your crimson imp but does no damage.
The orc warrior hits you with a battleaxe!
You die...

#.#.... .#####
..#.... #.....
..o.._ .[#.. ∆
#.... #...
#..oo #†. .o.
#.#
..####.####.#
.......o555.#∆
##########o@#
##<# #.# #.#
###


You could see an orc warrior, an orc wizard, 2 friendly crimson imps and a
friendly white imp.

Vanquished Creatures
  A gnoll (D:1)
  5 adders
  2 oozes
  2 dart slugs
  3 leopard geckos
  2 orcs
  6 giant cockroaches
  10 goblins
  7 hobgoblins
  2 jackals (D:1)
  5 bats
  A frilled lizard (D:2)
  8 kobolds
  5 rats
59 creatures vanquished.

Vanquished Creatures (collateral kills)
  A hound (D:4)
  2 adders (D:3)
  A dart slug (D:2)
  A leopard gecko (D:4)
  6 orcs
  2 goblins (D:2)
  A jackal (D:1)
  3 kobolds
17 creatures vanquished.

Vanquished Creatures (others)
  A quokka (D:3)
1 creature vanquished.

Grand Total: 77 creatures vanquished

Notes
Turn   | Place    | Note
-------+----------+-------------------------------------------
     0 | D:1      | Rediskos the Gnoll Wizard began the quest for the Orb.
     0 | D:1      | Reached XP level 1. HP: 13/13 MP: 8/8
   205 | D:1      | Reached XP level 2. HP: 19/19 MP: 8/10
   209 | D:1      | Learned a level 2 spell: Blink
   212 | D:1      | Learned a level 2 spell: Call Imp
   975 | D:1      | Reached XP level 3. HP: 25/25 MP: 8/11
   980 | D:1      | Learned a level 3 spell: Conjure Flame
   984 | D:1      | Learned a level 3 spell: Mephitic Cloud
  1426 | D:2      | Reached skill level 1 in Invocations
  1622 | D:2      | Reached skill level 1 in Fighting
  1622 | D:2      | Reached skill level 1 in Short Blades
  1622 | D:2      | Reached skill level 1 in Long Blades
  1622 | D:2      | Reached skill level 1 in Axes
  1622 | D:2      | Reached skill level 1 in Maces & Flails
  1622 | D:2      | Reached skill level 1 in Polearms
  1622 | D:2      | Reached skill level 1 in Staves
  1622 | D:2      | Reached skill level 1 in Slings
  1622 | D:2      | Reached skill level 1 in Bows
  1622 | D:2      | Reached skill level 1 in Crossbows
  1622 | D:2      | Reached skill level 1 in Throwing
  1622 | D:2      | Reached skill level 1 in Armour
  1622 | D:2      | Reached skill level 1 in Shields
  1622 | D:2      | Reached skill level 1 in Unarmed Combat
  1622 | D:2      | Reached skill level 1 in Evocations
  1690 | D:2      | Reached XP level 4. HP: 32/32 MP: 11/13
  1858 | D:2      | Found a bloodstained altar of Trog.
  2015 | D:2      | Found an ornate altar of the Wu Jian Council.
  2358 | D:2      | Reached skill level 1 in Hexes
  2358 | D:2      | Reached skill level 1 in Charms
  2358 | D:2      | Reached skill level 1 in Necromancy
  2358 | D:2      | Reached skill level 1 in Transmutations
  2358 | D:2      | Reached skill level 1 in Fire Magic
  2358 | D:2      | Reached skill level 1 in Ice Magic
  2358 | D:2      | Reached skill level 1 in Air Magic
  2358 | D:2      | Reached skill level 1 in Earth Magic
  2358 | D:2      | Reached skill level 1 in Poison Magic
  2490 | D:3      | Found an iron altar of Okawaru.
  2578 | D:3      | Found a basalt altar of Yredelemnul.
  2578 | D:3      | Found a hide-covered altar of Uskayaw.
  2584 | D:3      | Found a faded altar of an unknown god.
  2586 | D:3      | Found a white marble altar of Elyvilon.
  2588 | D:3      | Found a faded altar of an unknown god.
  2651 | D:3      | Found a radiant altar of Vehumet.
  2730 | D:3      | Reached XP level 5. HP: 37/37 MP: 8/14
  3145 | D:4      | Found a glowing silver altar of Zin.
  3145 | D:4      | Noticed an orc warrior
  3186 | D:4      | Slain by an orc warrior

Skill      XL: |  1  2  3  4 |
---------------+-------------+-----
Conjurations   | 2 |  2.4
Summonings     | 2 |  2.4
Translocations | 2 |  2.4
Invocations    | 1 |  1.7
Fighting       | 1 |  1.5
Short Blades   | 1 |  1.5
Long Blades    | 1 |  1.5
Axes           | 1 |  1.5
Maces & Flails | 1 |  1.5
Polearms       | 1 |  1.5
Staves         | 1 |  1.5
Slings         | 1 |  1.5
Bows           | 1 |  1.5
Crossbows      | 1 |  1.5
Throwing       | 1 |  1.5
Armour         | 1 |  1.5
Shields        | 1 |  1.5
Unarmed Combat | 1 |  1.5
Evocations     | 1 |  1.5
Hexes          | 1 |  1.2
Charms         | 1 |  1.2
Necromancy     | 1 |  1.2
Transmutations | 1 |  1.2
Fire Magic     | 1 |  1.2
Ice Magic      | 1 |  1.2
Air Magic      | 1 |  1.2
Earth Magic    | 1 |  1.2
Poison Magic   | 1 |  1.2
Dodging        | |  4.8
Stealth        | |  4.4
Spellcasting   | |  7.3

Action                   |  1- 3 |  4- 6 || total
-------------------------+-------+-------++-------
 Fire: Hunting sling     |       |    41 ||    41
 Cast: Magic Dart        |    54 |    44 ||    98
       Call Imp          |     6 |    14 ||    20
       Blink             |     1 |       ||     1
       Conjure Flame     |     1 |       ||     1
       Mephitic Cloud    |       |     1 ||     1
  Use: Scroll            |       |     8 ||     8
  Eat: Chunk             |     2 |     5 ||     7
Armor: Robe              |     2 |     1 ||     3
Dodge: Dodged            |     4 |    18 ||    22
